 Dungeon Sprint DCSS version 0.27.1-33-g824d729ab1 (webtiles) character file.

Game seed: 18427001377045452077

2277 manyhoops the Severer (level 9, -2/47 (96) HPs)
             Began as a Minotaur Berserker on Nov 25, 2021.
             Was a High Priest of Trog.
             Slain by Sonja (4 damage)
             ... in the Dungeon (Sprint I: "Red Sonja").
             The game lasted 00:03:08 (904 turns).

manyhoops the Severer (Minotaur Berserker)           Turns: 904, Time: 00:03:09

HP:   -2/47 (96)    AC:  7    Str: 24    XL:     9   Next: 16%
MP:   8/8           EV: 14    Int:  4    God:    Trog [*****.]
Gold: 405           SH:  0    Dex: 11    Spells: 8/8 levels left

rFire    . . .     SeeInvis .   a - +0 hand axe
rCold    + . .     Faith    .   (no shield)
rNeg     . . .     Spirit   .   i - +3 leather armour {rC+}
rPois    .         Reflect  .   (helmet restricted)
rElec    .         Harm     .   (no cloak)
rCorr    .         Rampage  .   (no gloves)
Will     .....     NoTele   +   (no boots)
Stlth    +.........             (no amulet)
HPRegen  0.15/turn              (no ring)
MPRegen  0.11/turn              (no ring)

@: on berserk cooldown, slowed, extremely drained, very slow
A: horns 2, retaliatory headbutt
a: Renounce Religion, Berserk, Trog's Hand, Brothers in Arms


You were in the Dungeon.
You worshipped Trog.
Trog was extremely pleased with you.
You visited 1 branch You collected 405 gold pieces.

Inventory:

Hand Weapons
 a - a +0 hand axe (weapon)
Armour
 b - a +0 animal skin
 i - a +3 leather armour of cold resistance (worn)
Scrolls
 j - a scroll of identify {unknown}
Potions
 f - 2 potions of magic


   Skills:
 + Level 14.8 Fighting
 + Level 15.3 Axes
 + Level 9.5 Armour
 - Level 7.7 Dodging


You had 8 spell levels left.
You didn't know any spells.
Your spell library was empty.

Dungeon Overview and Level Annotations

Branches:
Dungeon (1/1)

Altars:
Cheibriados
Dithmenos
Elyvilon
Fedhas
Gozag
Hepliaklqana
Kikubaaqudgha
Makhleb
Nemelex Xobeh
Okawaru
Qazlal
Ru
Sif Muna
Trog
Uskayaw
Vehumet
Wu Jian
Xom
Yredelemnul
Zin
The Shining One
Jiyva
Lugonu

Shops:
D *

Annotations:
D Sonja


Innate Abilities, Weirdness & Mutations

You have a pair of horns on your head.
You reflexively headbutt those who attack you in melee.


Message History

You feel as though you will be slow longer.
You feel sick.
You feel very sick.
A curare-tipped dart appears from out of thin air!
The curare-tipped dart barely misses you.
You barely miss something.
You feel sick. Something hits you.
You feel drained. Something hits you but does no damage.
You feel drained. Something barely misses you.
You completely miss something.
You feel sick. Something hits you.
You feel drained. Something hits you.
* * * LOW HITPOINT WARNING * * *
You feel drained.
* * * LOW HITPOINT WARNING * * *
Something hits you but does no damage.
You feel drained. Something hits you!
* * * LOW HITPOINT WARNING * * *
You feel drained.
* * * LOW HITPOINT WARNING * * *
Something hits you.
* * * LOW HITPOINT WARNING * * *
You feel drained. Something hits you.
* * * LOW HITPOINT WARNING * * *
You feel drained.
Unknown command.
You feel better. Something hits you.
* * * LOW HITPOINT WARNING * * *
You feel drained.
* * * LOW HITPOINT WARNING * * *
Something hits you.
* * * LOW HITPOINT WARNING * * *
You feel drained. Something hits you but does no damage.
You feel drained. Something hits you but does no damage.
You feel drained. Something hits you.
* * * LOW HITPOINT WARNING * * *
You feel drained.
* * * LOW HITPOINT WARNING * * *
Something hits you but does no damage.
You feel drained.
Unknown command.
You hit something. Your headbutt misses something. Something hits you.
* * * LOW HITPOINT WARNING * * *
You feel drained. Something hits you.
You die...

#..)..#..').#..'..'.†#)..##+#
#..#####'#####'#__####...'..#
#..####..#...#.####?§#####..+
#..#__####..##[#≈§≈§c# ##
#..#_____##'#_.+≈≈§.§
#⌠⌠#_.∩...'..._#
####_..__##_.#'#
#_____###'#)# #########@###
+$.$+ #$.$# ##.## #+#


There were no monsters in sight!

Vanquished Creatures
  2 kobold demonologists (D)
  4 demonic crawlers (D)
  A slime creature (D)
  Sigmund (D)
  A yak (D)
  A floating eye (D)
  An ogre (D)
  A jelly (D)
  Ijyb (D)
13 creatures vanquished.

Notes
Turn   | Place    | Note
-------+----------+-------------------------------------------
     0 | D        | manyhoops the Minotaur Berserker began the quest for the
                  | Orb.
     0 | D        | Reached XP level 1. HP: 19/19 MP: 0/0
     1 | D        | Noticed Ijyb
    12 | D        | Killed Ijyb
    13 | D        | Reached skill level 5 in Fighting
    13 | D        | Reached skill level 5 in Axes
    13 | D        | Reached XP level 2. HP: 25/30 MP: 1/1
   128 | D        | Noticed an ogre
   133 | D        | Killed an ogre
   134 | D        | Reached skill level 8 in Axes
   134 | D        | Reached XP level 3. HP: 40/40 MP: 2/2
   134 | D        | Reached XP level 4. HP: 48/48 MP: 3/3
   306 | D        | Noticed Sigmund
   313 | D        | Killed Sigmund
   313 | D        | Reached ** piety under Trog
   314 | D        | Reached skill level 10 in Axes
   314 | D        | Reached skill level 5 in Armour
   314 | D        | Reached XP level 5. HP: 58/58 MP: 4/4
   314 | D        | Reached XP level 6. HP: 66/66 MP: 5/5
   356 | D        | Found an ornate altar of the Wu Jian Council.
   356 | D        | Found a shimmering blue altar of Sif Muna.
   358 | D        | Found a radiant altar of Vehumet.
   362 | D        | Reached skill level 10 in Fighting
   366 | D        | Found Luehih's General Store.
   366 | D        | Found an ancient bone altar of Kikubaaqudgha.
   366 | D        | Found a hazy altar of Hepliaklqana.
   366 | D        | Found a stormy altar of Qazlal.
   366 | D        | Found a hide-covered altar of Uskayaw.
   366 | D        | Found a blossoming altar of Fedhas.
   366 | D        | Found a bloodstained altar of Trog.
   366 | D        | Found an iron altar of Okawaru.
   366 | D        | Found a basalt altar of Yredelemnul.
   366 | D        | Found a glowing golden altar of the Shining One.
   366 | D        | Found a snail-covered altar of Cheibriados.
   366 | D        | Found a sacrificial altar of Ru.
   366 | D        | Found a glowing silver altar of Zin.
   366 | D        | Found a shadowy altar of Dithmenos.
   366 | D        | Found a white marble altar of Elyvilon.
   366 | D        | Noticed a yak
   377 | D        | Killed a yak
   378 | D        | Reached skill level 11 in Axes
   378 | D        | Reached skill level 5 in Dodging
   378 | D        | Found an opulent altar of Gozag.
   379 | D        | Found a sparkling altar of Nemelex Xobeh.
   523 | D        | Found a viscous altar of Jiyva.
   523 | D        | Found a corrupted altar of Lugonu.
   523 | D        | Noticed a slime creature
   524 | D        | Found a burning altar of Makhleb.
   524 | D        | Found a shimmering altar of Xom.
   530 | D        | Killed a slime creature
   530 | D        | Reached *** piety under Trog
   531 | D        | Reached skill level 12 in Axes
   531 | D        | Reached XP level 7. HP: 72/75 MP: 6/6
   651 | D        | Noticed a kobold demonologist
   653 | D        | Noticed a kobold demonologist
   655 | D        | Paralysed by a floating eye for 2 turns
   656 | D        | Noticed an ice devil
   659 | D        | Killed a kobold demonologist
   660 | D        | Reached skill level 13 in Axes
   662 | D        | Noticed a smoke demon
   666 | D        | Killed a kobold demonologist
   666 | D        | Reached **** piety under Trog
   667 | D        | Reached skill level 14 in Axes
   667 | D        | Reached XP level 8. HP: 86/86 MP: 7/7
   707 | D        | Noticed a demonic crawler
   707 | D        | Noticed a demonic crawler
   707 | D        | Noticed a demonic crawler
   707 | D        | Noticed a demonic crawler
   723 | D        | Killed a demonic crawler
   728 | D        | Killed a demonic crawler
   730 | D        | Killed a demonic crawler
   731 | D        | Reached skill level 15 in Axes
   731 | D        | Reached XP level 9. HP: 68/96 MP: 8/8
   736 | D        | Killed a demonic crawler
   736 | D        | Reached ***** piety under Trog
   874 | D        | Noticed a centaur warrior
   881 | D        | Noticed Sonja
   902 | D        | HP: 2/58 [something (3)]
   904 | D        | Slain by Sonja

Illustrated notes

Levels and vault maps discovered:
D:        dungeon_sprint_1 [red_sonja_temple_1, red_sonja_temple_small_1]

Skill      XL: |  1  2  3  4  5  6  7  8 |
---------------+-------------------------+-----
Fighting       | 5 7 9 11 13 14 | 14.8
Axes           | 5 8 10 12 14 15 | 15.3
Armour         | 3 4 5 6 8 9 |  9.5
Dodging        | 3 4 5 6 7 |  7.7

Action                   |  1- 3 |  4- 6 |  7- 9 || total
-------------------------+-------+-------+-------++-------
Melee: Hand axe          |    14 |    23 |    44 ||    81
       Headbutt          |     3 |     4 |    11 ||    18
Invok: Berserk           |     1 |     2 |     2 ||     5
       Trog's Hand       |       |       |     1 ||     1
  Use: Potion            |       |       |     5 ||     5
       Scroll            |       |       |     1 ||     1
Armor: Animal skin       |     1 |       |       ||     1
       Leather armour    |       |     2 |    26 ||    28
Dodge: Dodged            |     2 |     5 |    37 ||    44
